[Event "Late-Titled-Tuesday-Blitz-March-05-2024"]
[Site "Chess.com"]
[Date "2024.03.05"]
[Round "5"]
[White "SocoLoco"]
[Black "protectiago"]
[Result "1-0"]
[WhiteElo "2223"]
[BlackElo "2060"]
[TimeControl "180+1"]
[EndTime "14:53:37 PST"]
[Termination "SocoLoco won by resignation"]

1. e4 e5 2. d4 exd4 3. Nf3 Nc6 4.
Nxd4 Nf6 5. Nc3 Bb4 6. Nxc6 bxc6 7. Bd3 d5 8. exd5 cxd5 9. O-O O-O 10. Bg5 c6 11. Na4 Be7 12. c4 h6 13. Bh4 Be6 14.
Rc1 Qb8 15. b3 Ng4 16. Bg3 Bd6 17. Re1 Nxh2 18. Kxh2 Bxg3+ 19. fxg3 Rd8 20. Qf3 dxc4 21. Bxc4 Bd5 22. Bxd5 Rxd5 23. Rxc6 Qb5 24. Rc5 1-0

[Event "Late-Titled-Tuesday-Blitz-March-05-2024"]
[Site "Chess.com"]
[Date "2024.03.05"]
[Round "5"]
[White "Kosak12"]
[Black "OPQRC"]
[Result "1-0"]
[WhiteElo "2804"]
[BlackElo "2564"]
[TimeControl "180+1"]
[EndTime "14:53:38 PST"]
[Termination "Kosak12 won on time"]

1. d4 Nf6 2. c4 g6 3. g3 Bg7 4.
Bg2 O-O 5. Nf3 d6 6. O-O Nbd7 7. Nc3 e5 8. Qc2 Re8 9. Rd1 e4 10. Ng5 e3 11. f4 Nb6 12. c5 Nbd7 13. Qb3 Qe7 14. Nd5 Nxd5 15. Bxd5 Rf8 16. Qxe3 Qxe3+ 17. Bxe3 dxc5 18. dxc5 c6 19. Bc4 Bxb2 20. Rab1 Ba3 21. Rxb7 Bxb7 22. Rxd7 Bc8 23. Rc7 Bf5 24. Nxf7 Kg7 25. Bd4+ 1-0

[Event "Late-Titled-Tuesday-Blitz-March-05-2024"]
[Site "Chess.com"]
[Date "2024.03.05"]
[Round "5"]
[White "rikchessmx"]
[Black "esteban062000"]
[Result "1-0"]
[WhiteElo "2298"]
[BlackElo "2140"]
[TimeControl "180+1"]
[EndTime "14:53:40 PST"]
[Termination "rikchessmx won by resignation"]

1. e4 c5 2. Nf3 Nc6 3. d4 cxd4 4. Nxd4 Nf6 5. Nc3 e5 6. Ndb5 d6 7. a4 a6 8. Na3 Be7 9. Be2 O-O 10. Be3 Be6 11. Nc4 d5 12. exd5 Nxd5 13. Nxd5 Bxd5 14. Nb6 Bxg2 15. Rg1 Qxd1+ 16. Rxd1 Bh3 17. Nxa8 Rxa8 18. Bg4 Bxg4 19. Rxg4 Rd8 20. Rxd8+ Bxd8 21. c3 f5 22. Rc4 Kf7 23. f4 Ke6 24. b4 Bh4+ 25. Bf2 Bxf2+ 26. Kxf2 e4 27. Rc5 Ne7 28. Re5+ Kf6 29. Rc5 h6 30. Rc7 Nd5 31. Rxb7 Nxf4 32. Rb6+ Ke5 33. Rxa6 Nd3+ 34. Ke2 f4 35. Ra5+ Ke6 36. b5 Nc1+ 37. Kd1 f3 38. Ra8 Na2 39. b6 Nxc3+ 40. Kc2 Nxa4 41. Rxa4 f2 42. Ra1 e3 43. Kd3 Kd6 44. Kxe3 Kc6 45. Kxf2 Kxb6 46. Rg1 g5 47. Re1 1-0

[Event "Late-Titled-Tuesday-Blitz-March-05-2024"]
[Site "Chess.com"]
[Date "2024.03.05"]
[Round "5"]
[White "nindjaxx8"]
[Black "Mikhal867"]
[Result "1-0"]
[WhiteElo "2701"]
[BlackElo "2485"]
[TimeControl "180+1"]
[EndTime "14:53:41 PST"]
[Termination "nindjaxx8 won on time"]

1. d4 Nf6 2. c4 g6 3. Nc3 Bg7 4.
e4 O-O 5. Be2 d6 6. Be3 e5 7. d5 h6 8. g4 a5 9. h4 Ne8 10. g5 h5 11. Qd2 Na6 12. f3 c6 13.
O-O-O cxd5 14. Nxd5 Be6 15. Kb1 Nc5 16. Nh3 a4 17. Nf2 a3 18. b3 Ra6 19. Nd3 Nxd3 20.
Bxd3 Nc7 21. Be2 Bxd5 22. cxd5 b5 23. Rc1 Qd7 24. Rc2 Na8 25. Rhc1 Rb8 26. Qb4 Kh7 27. Rc6 Rxc6 28. Rxc6 Bf8 29. Qxa3 b4 30. Qa6 Qh3 31. Qa7 Qh1+ 32. Rc1 Qg2 33. Qxb8 Qxe2 34. Qxf8 Qd3+ 35. Rc2 1-0

[Event "Late-Titled-Tuesday-Blitz-March-05-2024"]
[Site "Chess.com"]
[Date "2024.03.05"]
[Round "5"]
[White "Burgsvik"]
[Black "ShahMatKanal"]
[Result "1-0"]
[WhiteElo "2374"]
[BlackElo "2497"]
[TimeControl "180+1"]
[EndTime "14:53:41 PST"]
[Termination "Burgsvik won on time"]

1. e4 e5 2. Nf3 Nc6 3. d4 exd4 4. Bb5 Bc5 5. O-O Nge7 6. Ng5 d6 7. Qh5 Ng6 8. f4 h6 9. Nxf7 Kxf7 10. f5 Ne5 11.
fxg6+ Ke7 12. Bf4 Bg4 13. Qh4+ Ke6 14. Qg3 h5 15. Qb3+ d5 16. Bxe5 Kxe5 17. exd5 d3+ 18. Kh1 Qxd5 19. Bc4 Qd4 20. cxd3 Rhf8 21. Re1+ Kf4 22.
Re4+ Kg5 23. h4+ Kxh4 24. Nd2 Qf2 25. d4 Bxd4 26. Nf3+ 1-0

[Event "Late-Titled-Tuesday-Blitz-March-05-2024"]
[Site "Chess.com"]
[Date "2024.03.05"]
[Round "5"]
[White "FairChess_on_YouTube"]
[Black "Goryachkina"]
[Result "1-0"]
[WhiteElo "3090"]
[BlackElo "2710"]
[TimeControl "180+1"]
[EndTime "14:53:48 PST"]
[Termination "FairChess_on_YouTube won on time"]

1. g4 e5 2. Bg2 d6 3. h3 Nc6 4. d3 h5 5. g5 h4 6. c4 Nge7 7. Nc3 Ng6 8. Be4 Be6 9. Nf3 Qd7 10. Qb3 Rb8 11. Be3 Na5 12. Qb5 b6 13. b4 Qxb5 14.
Nxb5 d5 15. Nxc7+ Kd7 16. Nxd5 Bxd5 17. Bxd5 Bxb4+ 18. Kf1 Ke7 19. Rb1 Bd6 20. Rg1 Nb7 21. Rg4 Nc5 22. d4 exd4 23. Nxd4 Ne5 24. Nf5+ Kd7 25. Nxd6 Nxg4 26. Bf4 1-0

[Event "Late-Titled-Tuesday-Blitz-March-05-2024"]
[Site "Chess.com"]
[Date "2024.03.05"]
[Round "5"]
[White "wadsy27"]
[Black "Lukianoo"]
[Result "0-1"]
[WhiteElo "2634"]
[BlackElo "2870"]
[TimeControl "180+1"]
[EndTime "14:53:49 PST"]
[Termination "Lukianoo won by resignation"]

1. Nf3 Nf6 2. g3 b5 3. Bg2 Bb7 4. O-O e6 5. d3 d5 6. Nbd2 Be7 7.
e4 O-O 8. e5 Nfd7 9. Re1 c5 10.
Nf1 Nc6 11. h4 Qc7 12. Bf4 Rfc8 13. N1h2 Qd8 14. h5 h6 15. Qd2 a5 16. Kh1 a4 17.
Rg1 a3 18. b3 c4 19. g4 cxd3 20. cxd3 Nb4 21. g5 Rc2 22. Qe3 hxg5 23. Nxg5 Nxe5 24. Qxe5 Nxd3 25. Nh3 Nxe5 26. Bxe5 Bf6 27. Rae1 Bxe5 28. Rxe5 Rac8 29. Rg5 Rxf2 30. Bf3 Rcc2 31. Rxg7+ Kh8 32.
Ng4 Rxf3 33. Ng5 Qxg5 34. Rxg5 Rh3+ 0-1

[Event "Late-Titled-Tuesday-Blitz-March-05-2024"]
[Site "Chess.com"]
[Date "2024.03.05"]
[Round "5"]
[White "ansko1999"]
[Black "Zadar321"]
[Result "0-1"]
[WhiteElo "2671"]
[BlackElo "2519"]
[TimeControl "180+1"]
[EndTime "14:53:50 PST"]
[Termination "Zadar321 won on time"]

1. f4 e5 2. fxe5 Nc6 3. Nf3 d6 4. exd6 Bxd6 5. g3 h5 6. d4 h4 7. Bg5 f6 8. Bf4 Bg4 9. Bxd6 Bxf3 10. exf3 Qxd6 11. d5 Qe7+ 12. Qe2 Nd4 13. Qxe7+ Nxe7 14. Na3 hxg3 15. O-O-O Rxh2 16. Rg1 Ndf5 17. Bd3 O-O-O 18. c4 Rf2 19. Be4 Ne3 20. Rd2 Rh8 21. Nc2 Nxc4 0-1

[Event "Late-Titled-Tuesday-Blitz-March-05-2024"]
[Site "Chess.com"]
[Date "2024.03.05"]
[Round "5"]
[White "GMthekingindian"]
[Black "venturov"]
[Result "0-1"]
[WhiteElo "2297"]
[BlackElo "2465"]
[TimeControl "180+1"]
[EndTime "14:53:50 PST"]
[Termination "venturov won by resignation"]

1. d4 Nf6 2. Nc3 d5 3. Bg5 Nbd7 4. e3 e6 5. Bd3 c5 6. Nf3 Bd6 7. O-O O-O 8. e4 dxe4 9. Nxe4 Be7 10. Bxf6 Bxf6 11. c3 cxd4 12. cxd4 h6 13. Qe2 b6 14. Rad1 Bb7 15. Rfe1 Be7 16. Ne5 Nf6 17. Nxf6+ Bxf6 18. Be4 Bxe4 19. Qxe4 Rc8 20. Rc1 Qd6 21. a3 Rfd8 22.
Rxc8 Rxc8 23. Rd1 Rd8 24. Nf3 Qd5 25. Qe3 e5 26. h3 e4 27. Nh2 Bxd4 28. Qf4 Bxf2+ 0-1

[Event "Late-Titled-Tuesday-Blitz-March-05-2024"]
[Site "Chess.com"]
[Date "2024.03.05"]
[Round "5"]
[White "ACollins05"]
[Black "Midgardsormur"]
[Result "1-0"]
[WhiteElo "2596"]
[BlackElo "2453"]
[TimeControl "180+1"]
[EndTime "14:53:52 PST"]
[Termination "ACollins05 won by resignation"]

1. d4 Nf6 2. c4 e6 3. Nf3 b6 4.
g3 Ba6 5. b3 Bb4+ 6. Bd2 Be7 7.
Nc3 d5 8. cxd5 exd5 9. Bg2 O-O 10. O-O Nbd7 11. Ne5 Bb7 12. Bg5 h6 13. Bxf6 Bxf6 14. Nxd5 Bxe5 15. dxe5 Nxe5 16. Ne7+ Qxe7 17. Bxb7 Rad8 18. Qc2 c5 19. Bg2 Rd4 20. e3 Rd6 21. Rad1 Rfd8 22. Rxd6 Qxd6 23. f4 Ng4 24. Qe2 Qe6 25. e4 Nf6 26. e5 Nd7 27. Rd1 Rf8 28. Bd5 Qe7 29. Qa6 Nb8 30. Qc4 Kh7 31. Be4+ g6 32.
Rd6 Kg7 33. Qd5 Rc8 34. Kg2 Rc7 35. h4 Rd7 36. h5 Rxd6 37. exd6 Qe8 38. hxg6 fxg6 39.
Qe5+ Qxe5 40. fxe5 Nd7 41. e6 Nf6 42. d7 1-0

[Event "Late-Titled-Tuesday-Blitz-March-05-2024"]
[Site "Chess.com"]
[Date "2024.03.05"]
[Round "5"]
[White "xasid81"]
[Black "SameerMujumdar"]
[Result "1-0"]
[WhiteElo "2561"]
[BlackElo "2432"]
[TimeControl "180+1"]
[EndTime "14:53:54 PST"]
[Termination "xasid81 won by resignation"]

1. Nc3 e5 2. Nf3 Nc6 3. d4 exd4 4. Nxd4 Nf6 5. Nxc6 bxc6 6. g3 d5 7. Bg2 Be7 8. O-O O-O 9. e4 Be6 10. exd5 cxd5 11.
Re1 c6 12. b3 Bb4 13. Bd2 Qd7 14.
Na4 Be7 15. Be3 Bh3 16. Bc5 Bxc5 17. Nxc5 Qf5 18. Qd3 Qxd3 19. cxd3 Bxg2 20. Kxg2 Rfe8 21. Kf1 Kf8 22. Rac1 Rxe1+ 23. Kxe1 Ke7 24. h3 Re8 25. Kd2 Kd6 26. Nb7+ Kd7 27. Nc5+ Kd6 28. b4 Re7 29. g4 h5 30. g5 Nh7 31. h4 Nf8 32. Rh1 Ng6 33. a3 Nf4 34. Kc3 Re2 35. Rf1 g6 36.
Nb7+ Kc7 37. Nc5 Ng2 38. f4 Nxh4 39. Nb3 Nf5 40. Nd4 Nxd4 41. Kxd4 h4 42. Rh1 Ra2 43. Rxh4 Rxa3 44. Rh7 Ra4 45. Kc5 a5 46. Rxf7+ Kd8 47. bxa5 Rxa5+ 48. Kxc6 d4 49. Kd6 Ra6+ 50. Ke5 Ra3 51. Kxd4 1-0

[Event "Late-Titled-Tuesday-Blitz-March-05-2024"]
[Site "Chess.com"]
[Date "2024.03.05"]
[Round "5"]
[White "ural58"]
[Black "Heydarli77"]
[Result "0-1"]
[WhiteElo "2521"]
[BlackElo "2398"]
[TimeControl "180+1"]
[EndTime "14:53:54 PST"]
[Termination "Heydarli77 won on time"]

1. e4 c5 2. b3 d6 3. Bb2 e6 4. f4 Nf6 5. Qe2 Nc6 6. Nf3 Be7 7. Nc3 Nd4 8. Qd3 e5 9. fxe5 Nxf3+ 10. Qxf3 dxe5 11. Bb5+ Bd7 12. Bxd7+ Qxd7 13. Nd5 Nxd5 14. exd5 O-O 15. Bxe5 Bh4+ 16. Kd1 Rfe8 17. Bb2 b5 18. g3 Bg5 19. h4 Be7 20. a4 b4 21. Rf1 f6 22. g4 Rad8 23. g5 Qxd5 24.
Qxd5+ Rxd5 25. gxf6 gxf6 26. d3 Kf7 27. Kd2 Rg8 28. Rae1 Rg4 29. Rxe7+ Kxe7 30. Bxf6+ Ke6 31. Bg5 Rf5 32. Re1+ Kd6 33. Re8 Rg2+ 34. Ke3 Re5+ 35. Rxe5 Kxe5 36. Bf4+ Kd5 0-1

[Event "Late-Titled-Tuesday-Blitz-March-05-2024"]
[Site "Chess.com"]
[Date "2024.03.05"]
[Round "5"]
[White "HanSchut"]
[Black "terrortoast"]
[Result "0-1"]
[WhiteElo "2324"]
[BlackElo "2517"]
[TimeControl "180+1"]
[EndTime "14:54:01 PST"]
[Termination "terrortoast won on time"]

1. e4 c6 2. d4 d5 3. exd5 cxd5 4. c4 Nf6 5. Nc3 e6 6. Nf3 Bb4 7. cxd5 Nxd5 8. Qc2 Bd7 9. Bd3 Bc6 10. Bxh7 Rxh7 11. Qxh7 Nxc3 12. Qh8+ Kd7 13. Qxd8+ Kxd8 14. a3 Ba5 15. b4 Bb6 16. Be3 Nd7 17. Rc1 Nd5 18.
O-O a5 19. Rb1 axb4 20. axb4 Bb5 21. Rfc1 Ra3 22. Re1 Bc7 23. Ng5 Ke7 24. Ne4 Bd3 25. Nc5 Bxb1 26. Rxb1 b6 27. Nxd7 Kxd7 0-1

[Event "Late-Titled-Tuesday-Blitz-March-05-2024"]
[Site "Chess.com"]
[Date "2024.03.05"]
[Round "5"]
[White "Malev212"]
[Black "Teidi96"]
[Result "1-0"]
[WhiteElo "2621"]
[BlackElo "2314"]
[TimeControl "180+1"]
[EndTime "14:54:02 PST"]
[Termination "Malev212 won on time"]

1. e4 c5 2. Nf3 e6 3. g3 Nc6 4.
Bg2 Nf6 5. d3 d5 6. Qe2 Be7 7.
O-O dxe4 8. dxe4 e5 9. c3 O-O 10. Na3 h6 11. Nc4 Qc7 12. Ne3 Be6 13. Nh4 Rfe8 14.
Nd5 Bxd5 15. exd5 Nb8 16. Nf5 Bf8 17. Rd1 Nbd7 18. d6 Qc8 19. Be3 Rb8 20. a4 b6 21.
h4 e4 22. Bh3 Qc6 23. Qb5 Ne5 24. Qxc6 Nxc6 25. d7 Red8 26. Bf4 Rb7 27. Nd6 Bxd6 28. Rxd6 Nb8 29. Bxh6 Nbxd7 30. Bg5 Kf8 31. Rad1 Ke7 32.
h5 Ke8 33. h6 1-0

[Event "Late-Titled-Tuesday-Blitz-March-05-2024"]
[Site "Chess.com"]
[Date "2024.03.05"]
[Round "5"]
[White "sotochess"]
[Black "ChessBrainiacOnTwitch"]
[Result "0-1"]
[WhiteElo "2578"]
[BlackElo "2791"]
[TimeControl "180+1"]
[EndTime "14:54:04 PST"]
[Termination "ChessBrainiacOnTwitch won by resignation"]

1. e4 c5 2. Nf3 e6 3. d4 cxd4 4.
Nxd4 Nc6 5. Nb5 Nf6 6. N1c3 d6 7. Bf4 e5 8. Bg5 a6 9. Na3 b5 10. Nd5 Be7 11. Bxf6 Bxf6 12. c4 b4 13. Nc2 a5 14.
Be2 O-O 15. O-O Bg5 16. Bg4 Be6 17. b3 g6 18. a3 f5 19. Bf3 Rb8 20. axb4 axb4 21.
Ra6 Ne7 22. Rxd6 Qc8 23. Ncxb4 fxe4 24. Bxe4 Bf5 25. Qe2 Qc5 26. Bxf5 Qxd6 27. c5 Qxc5 28. Be6+ Kg7 29. Qxe5+ Bf6 30. Qe1 Nxd5 31. Nxd5 Bd4 32. b4 Qd6 33. Qe4 Ba7 34. Bh3 Rbe8 35. Qc4 Rxf2 36.
Kh1 Rxf1+ 0-1

[Event "Late-Titled-Tuesday-Blitz-March-05-2024"]
[Site "Chess.com"]
[Date "2024.03.05"]
[Round "5"]
[White "madstalk3rs"]
[Black "MatthewG-p4p"]
[Result "0-1"]
[WhiteElo "2650"]
[BlackElo "2892"]
[TimeControl "180+1"]
[EndTime "14:54:05 PST"]
[Termination "MatthewG-p4p won by resignation"]

1. e4 e6 2. d4 d5 3. e5 c5 4. c3 Qb6 5. Nf3 Nc6 6. a3 Nh6 7. Bd3 cxd4 8. O-O Bd7 9. b4 Rc8 10.
Re1 Nf5 11. Bxf5 exf5 12. Nxd4 Be6 13. Be3 Nxd4 14. Bxd4 Qa6 15. Nd2 Be7 16. Nb3 b6 17.
Qd2 Qc4 18. Rab1 h6 19. Rec1 f4 20. Qc2 O-O 21. Nd2 Qe2 22. Re1 Qh5 23. Qd1 Bg4 24. f3 Bf5 25. Rc1 Bh4 26. Re2 Bd3 27. Nb3 Bxe2 28. Qxe2 Qf5 29. a4 Qd7 30. a5 Qa4 31. Qb2 Bd8 32. axb6 Bxb6 33. Ra1 Qb5 34. Bxb6 axb6 35.
Nd4 Qd3 36. Ne2 d4 37. Nxd4 Rxc3 38. Ne2 Rc2 39. Nc1 Qe3+ 0-1

[Event "Late-Titled-Tuesday-Blitz-March-05-2024"]
[Site "Chess.com"]
[Date "2024.03.05"]
[Round "5"]
[White "DonJuan_34"]
[Black "Ajedrez_con_German"]
[Result "1-0"]
[WhiteElo "2469"]
[BlackElo "2576"]
[TimeControl "180+1"]
[EndTime "14:54:08 PST"]
[Termination "DonJuan_34 won by resignation"]

1. d4 g6 2. c4 Bg7 3. Nc3 d6 4. e4 Nf6 5. Nf3 O-O 6. Be2 c5 7. d5 e6 8. O-O exd5 9. exd5 Bf5 10. h3 Ne4 11. Nxe4 Bxe4 12. Bd3 Bxf3 13. Qxf3 Nd7 14. Bf4 Ne5 15. Bxe5 Bxe5 16. Rab1 Qa5 17. a3 a6 18. Bc2 Qd2 19. Qd3 Qf4 20. g3 Qh6 21. Kg2 b5 22. b4 cxb4 23. axb4 Rfc8 24. Bb3 bxc4 25. Bxc4 a5 26.
b5 a4 27. b6 Rcb8 28. b7 Ra7 29. Ba6 a3 30. Qxa3 Qd2 31. Rfd1 Qc2 32. Rdc1 Qe4+ 33. Qf3 Qxf3+ 34. Kxf3 Rxa6 35. Rc8+ Kg7 36. Rxb8 Ra3+ 37. Kg2 1-0

[Event "Late-Titled-Tuesday-Blitz-March-05-2024"]
[Site "Chess.com"]
[Date "2024.03.05"]
[Round "5"]
[White "jamengrand"]
[Black "Alexei_Gubajdullin"]
[Result "0-1"]
[WhiteElo "2481"]
[BlackElo "2633"]
[TimeControl "180+1"]
[EndTime "14:54:09 PST"]
[Termination "Alexei_Gubajdullin won by checkmate"]

1. e4 g6 2. d4 Bg7 3. Nc3 d6 4.
a4 Nf6 5. a5 O-O 6. h3 Nc6 7.
Nf3 d5 8. e5 Ne4 9. Bd3 Nxc3 10. bxc3 a6 11. Bf4 f6 12. Qd2 fxe5 13. dxe5 Bf5 14. Bg3 e6 15. O-O Qe7 16. Ra4 Qc5 17. Rb1 Nxa5 18. Bxf5 gxf5 19. Nd4 Rfe8 20. Qf4 b6 21.
Rxa5 Qxa5 22. Bh4 Qa4 23. Bf6 Qd7 24. Qg5 Qf7 25. g4 Qg6 26. Qh4 fxg4 27. Kh1 Bxf6 28.
exf6 e5 29. Rg1 Qe4+ 30. f3 Qe3 31. Rxg4+ Kh8 32. Qh5 exd4 33. f7 Qxf3+ 34. Kg1 Re1+ 35. Kh2 Rh1# 0-1

[Event "Late-Titled-Tuesday-Blitz-March-05-2024"]
[Site "Chess.com"]
[Date "2024.03.05"]
[Round "5"]
[White "Eliwood44"]
[Black "C_K_G"]
[Result "1-0"]
[WhiteElo "2516"]
[BlackElo "2177"]
[TimeControl "180+1"]
[EndTime "14:54:09 PST"]
[Termination "Eliwood44 won by resignation"]

1. d4 d5 2. c4 e6 3. Nc3 Nf6 4.
cxd5 exd5 5. Bg5 Be7 6. e3 O-O 7. Bd3 h6 8. Bf4 c6 9. Qc2 Be6 10. Nf3 Nbd7 11. O-O Re8 12. Rab1 Nf8 13. Ne5 N6d7 14. b4 Nxe5 15. Bxe5 Bd6 16. Bxd6 Qxd6 17. Ne2 Bd7 18. a4 Re7 19. b5 cxb5 20. axb5 a6 21. Rfc1 axb5 22. Bxb5 Bxb5 23. Rxb5 g6 24. Nf4 Ne6 25.
Nxd5 Kg7 26. Nxe7 Qxe7 27. Rcb1 Ra7 28. Qe4 Qf6 29. Rxb7 Ra5 30. g3 Ng5 31. Qg2 Rf5 32. f4 Ne6 33. Qe4 g5 34. R1b6 Kg6 35. g4 gxf4 36.
Qxf5+ Qxf5 37. gxf5+ Kxf5 38. Rxf7+ Kg6 39. Rxf4 1-0

[Event "Late-Titled-Tuesday-Blitz-March-05-2024"]
[Site "Chess.com"]
[Date "2024.03.05"]
[Round "5"]
[White "Viktor_Poddubnyi"]
[Black "Zallio"]
[Result "1-0"]
[WhiteElo "2271"]
[BlackElo "2144"]
[TimeControl "180+1"]
[EndTime "14:54:11 PST"]
[Termination "Viktor_Poddubnyi won by resignation"]

1. e4 e6 2. d4 d5 3. Nd2 dxe4 4.
Nxe4 Nf6 5. Nxf6+ Qxf6 6. Nf3 h6 7. Bd3 c5 8. O-O cxd4 9. Nxd4 Bd7 10. Nb5 Na6 11.
c3 Bc6 12. Be3 Rd8 13. Qe2 Be7 14. Nxa7 Nc5 15. Nxc6 bxc6 16. Bc2 O-O 17. Qc4 Rd5 18. a4 Rc8 19. a5 Bd6 20. a6 Rh5 21. g3 Rxh2 22.
Kxh2 Nd7 23. f4 e5 24. Qe4 exf4 25. Bxf4 Bxf4 26. Qxf4 Qe6 27. a7 Ra8 28. Qe4 Qd6 29. Rad1 1-0

[Event "Late-Titled-Tuesday-Blitz-March-05-2024"]
[Site "Chess.com"]
[Date "2024.03.05"]
[Round "5"]
[White "rdarruda"]
[Black "Hudijegszid"]
[Result "1-0"]
[WhiteElo "2530"]
[BlackElo "2346"]
[TimeControl "180+1"]
[EndTime "14:54:18 PST"]
[Termination "rdarruda won by resignation"]

1. g3 Nf6 2. Bg2 e6 3. d3 d5 4. Nd2 Be7 5. Ngf3 O-O 6. O-O c5 7.
e4 Nc6 8. Qe2 Re8 9. Re1 b5 10. e5 Nd7 11. h4 f6 12. exf6 Bxf6 13. Nf1 Nde5 14. N1h2 b4 15. Nxe5 Nxe5 16. Ng4 Nxg4 17.
Qxg4 e5 18. Qf3 Be6 19. a3 a5 20. axb4 axb4 21. Rxa8 Qxa8 22. Bg5 Bxg5 23. hxg5 Bf7 24. b3 Qd8 25. Qe3 Qd6 26. Qd2 g6 27. Re2 Kg7 28. Qe1 Re7 29. f4 e4 30. dxe4 dxe4 31. Rxe4 Qd4+ 32.
Kh2 Rxe4 33. Qxe4 Qxe4 34. Bxe4 c4 35. bxc4 Bxc4 36. Kg1 b3 37. cxb3 Bxb3 38. Kf2 Kf7 39. Ke3 Ke6 40. Kd4 Ba2 41. g4 Kf7 42. Ke5 Bc4 43. Bd5+ Bxd5 44. Kxd5 Ke7 45. Ke5 Kf7 46. Kd6 Kf8 47. Ke6 Ke8 48. Kf6 Kf8 49. f5 gxf5 50. gxf5 Kg8 51. Ke7 Kg7 52. f6+ Kg6 53. f7 Kxg5 54. f8=Q h5 55. Qg7+ Kh4 56. Qg6 1-0

[Event "Late-Titled-Tuesday-Blitz-March-05-2024"]
[Site "Chess.com"]
[Date "2024.03.05"]
[Round "5"]
[White "Sanan_Sjugirov"]
[Black "AlexeiShirov"]
[Result "1-0"]
[WhiteElo "3000"]
[BlackElo "2862"]
[TimeControl "180+1"]
[EndTime "14:54:21 PST"]
[Termination "Sanan_Sjugirov won by resignation"]

1. e4 e5 2. Nf3 Nc6 3. Bb5 a6 4.
Ba4 Nf6 5. O-O b5 6. Bb3 Bc5 7. a4 Rb8 8. axb5 axb5 9. c3 d6 10. d4 Bb6 11. Na3 Bg4 12. Nxb5 O-O 13. Bc2 exd4 14.
Nbxd4 Nxd4 15. cxd4 Bxf3 16. gxf3 Nh5 17. Kh1 Qf6 18. Ra4 c5 19. e5 Qe6 20. d5 Qd7 21. Rh4 g6 22. Rxh5 gxh5 23. Qd3 f5 24. e6 Qe7 25. Rg1+ Kh8 26. Bd2 Rf6 27. Bc3 Rg8 28. Rg3 Rxg3 29. hxg3 Kg8 30. Qb5 Bd8 31. Bxf6 Qxf6 32.
Qe8+ Kg7 33. Qxh5 Qg5 34. Qf7+ Kh6 35. Bxf5 1-0

[Event "Late-Titled-Tuesday-Blitz-March-05-2024"]
[Site "Chess.com"]
[Date "2024.03.05"]
[Round "5"]
[White "stregachess"]
[Black "Kostukov_Alex"]
[Result "0-1"]
[WhiteElo "2024"]
[BlackElo "2337"]
[TimeControl "180+1"]
[EndTime "14:54:21 PST"]
[Termination "Kostukov_Alex won by checkmate"]

1. d4 g6 2. Nf3 Bg7 3. Bf4 d6 4.
e3 Nc6 5. Be2 e5 6. Bg3 Qe7 7.
O-O Nh6 8. h3 Nf5 9. Bh2 exd4 10. exd4 Ncxd4 11. Nxd4 Nxd4 12. Bc4 O-O 13. c3 Nc6 14.
Re1 Qh4 15. Bf1 Bd7 16. Nd2 Rfe8 17. Nf3 Qf6 18. Bg3 Rxe1 19. Nxe1 Re8 20. Nf3 h6 21. Bd3 Bf5 22. Bb5 a6 23. Ba4 b5 24.
Bb3 Be6 25. Bc2 b4 26. Rc1 bxc3 27. bxc3 Bxa2 28. Ba4 d5 29. Nd4 Nxd4 30. Bxe8 Nf5 31.
Bh2 Bc4 32. Rb1 Kh7 33. Rb8 Qxc3 34. Bxf7 Bd4 35. Bg8+ Kg7 36. Be6 Ne7 37. Bxc7 Bb5 38. Kh1 Bxf2 39. Qf3 Qe1+ 40. Kh2 Qg1# 0-1

[Event "Late-Titled-Tuesday-Blitz-March-05-2024"]
[Site "Chess.com"]
[Date "2024.03.05"]
[Round "5"]
[White "trriinu"]
[Black "corvachesky"]
[Result "1-0"]
[WhiteElo "2271"]
[BlackElo "2503"]
[TimeControl "180+1"]
[EndTime "14:54:24 PST"]
[Termination "trriinu won by checkmate"]

1. e4 c6 2. Nc3 d5 3. Nf3 Bg4 4. h3 Bxf3 5. Qxf3 e6 6. d3 Nf6 7. Be2 Bb4 8. O-O Bxc3 9. bxc3 dxe4 10. dxe4 Qa5 11. c4 Nbd7 12. Bb2 O-O 13. Bd3 e5 14. Qg3 Nh5 15. Qg4 Ndf6 16. Qg5 h6 17. Qxe5 Qxe5 18.
Bxe5 Rfe8 19. f4 Nd7 20. Bd6 g6 21. Rab1 b6 22. e5 Rad8 23. Be4 c5 24. Bc6 Ng7 25. Bc7 Nf8 26. Bxe8 Rxe8 27. Rbd1 Nfe6 28. Rd7 Nf5 29.
g4 Ne3 30. Rf3 Nxc2 31. f5 Ncd4 32. Rf2 gxf5 33. gxf5 Nxc7 34. Rxc7 Rxe5 35. f6 a5 36. Rg2+ Kf8 37. Rg7 Rg5+ 38. Rxg5 hxg5 39. Rc8# 1-0

[Event "Late-Titled-Tuesday-Blitz-March-05-2024"]
[Site "Chess.com"]
[Date "2024.03.05"]
[Round "5"]
[White "Agibileg"]
[Black "Sandstad"]
[Result "1-0"]
[WhiteElo "2648"]
[BlackElo "2469"]
[TimeControl "180+1"]
[EndTime "14:54:25 PST"]
[Termination "Agibileg won by resignation"]

1. d4 Nf6 2. c4 e6 3. Nc3 Bb4 4. e3 O-O 5. Bd3 d5 6. a3 Bxc3+ 7. bxc3 dxc4 8. Bxc4 c5 9. Nf3 b6 10. O-O Ba6 11.
Bxa6 Nxa6 12. c4 Qc7 13. Qa4 Qb7 14. Bb2 Rac8 15. d5 exd5 16. Bxf6 gxf6 17. cxd5 Nb8 18. Qg4+ Kh8 19. Rad1 Qd7 20. Qh4 Qd6 21. e4 Nd7 22. Nd2 c4 23. f4 c3 24. Nf3 c2 25. Rc1 Qxa3 26. e5 Qc5+ 27. Kh1 Qxd5 28. Rf2 Rg8 29.
Rd2 Qe6 30. h3 fxe5 31. Ng5 Rxg5 32. Qxg5 f6 33. f5 Qb3 34. Qh6 Qa4 35. Qe3 Rc7 36. Qd3 e4 37. Qd6 Qc4 38. Rdxc2 1-0

[Event "Late-Titled-Tuesday-Blitz-March-05-2024"]
[Site "Chess.com"]
[Date "2024.03.05"]
[Round "5"]
[White "Chopper1905"]
[Black "Gennady_Kozlov"]
[Result "1-0"]
[WhiteElo "2973"]
[BlackElo "2698"]
[TimeControl "180+1"]
[EndTime "14:54:26 PST"]
[Termination "Chopper1905 won by resignation"]

1. c4 e5 2. Nc3 Nc6 3. g3 g6 4.
Bg2 Bg7 5. e3 d6 6. d3 Nge7 7.
Nge2 Be6 8. Nd5 Qd7 9. Rb1 a5 10.
b3 O-O 11. O-O Rac8 12. Ba3 Bh3 13. e4 Bxg2 14. Kxg2 Nd4 15. Nxd4 exd4 16. Rc1 b6 17. Bb2 f5 18. Re1 Nxd5 19. cxd5 f4 20. f3 Be5 21. Rc4 b5 22. Rc6 Rf7 23. g4 h5 24. h3 Rh7 25.
Rh1 Kf7 26. Qe1 b4 27. g5 h4 28. Kh2 Rh5 29. Rg1 Qe7 30. Rg4 Rxg5 31. Qxh4 Rxg4 32.
Qxg4 Rh8 33. Bc1 Rh4 34. Qc8 Qe8 35. Rxc7+ Kf8 36. Qb7 g5 37. Rc8 1-0

[Event "Late-Titled-Tuesday-Blitz-March-05-2024"]
[Site "Chess.com"]
[Date "2024.03.05"]
[Round "5"]
[White "DanielNaroditsky"]
[Black "lamomiajunior"]
[Result "1-0"]
[WhiteElo "3091"]
[BlackElo "2715"]
[TimeControl "180+1"]
[EndTime "14:54:28 PST"]
[Termination "DanielNaroditsky won by resignation"]

1. e4 g6 2. d4 Bg7 3. Nc3 d6 4. h4 h5 5. Bg5 Nc6 6. Nge2 Nf6 7. Qd2 a6 8. f3 b5 9. d5 Ne5 10. Nd4 Bd7 11. Be2 Rc8 12. a4 b4 13.
Nd1 a5 14. Ne3 c5 15. dxc6 Nxc6 16. Nb5 O-O 17. Nc4 Be6 18. O-O Nb8 19. Ne3 Nbd7 20. Rad1 Qb6 21. Kh1 Ne5 22. c3 bxc3 23. Nxc3 Rfe8 24.
Bxf6 exf6 25. Bb5 Red8 26. Ned5 Qb8 27. Ne7+ Kh7 28. Nxc8 Qxc8 29. Nd5 f5 30. exf5 Bxf5 31. Ne7 Qe6 32. Nxf5 Qxf5 33. Qg5 Qc8 34. Rc1 Qb8 35. Qe7 d5 36. Qc7 Qa8 37. f4 Ng4 38. f5 Rf8 39. Bc6 Qa6 40. fxg6+ Kxg6 41. Bxd5 Qd3 42. Qc6+ Nf6 43.
Be4+ Qxe4 44. Rxf6+ 1-0